 Dungeon Crawl Stone Soup version 0.30-a0-629-gd54f4be4f7 (webtiles) character file.

Game seed: 6025943605224544579

55 NinjaNoafa the Trooper (level 3, -1/34 HPs)
             Began as a Hill Orc Monk on Jan 12, 2023.
             Was a Priest of Vehumet.
             Slain by a gnoll
             ... wielding a +0 flail
              (10 damage)
             ... on level 2 of the Dungeon.
             The game lasted 00:04:54 (1947 turns).

NinjaNoafa the Trooper (Hill Orc Monk)              Turns: 1947, Time: 00:04:54

Health: -1/34      AC:  3    Str: 15    XL:     3   Next: 93%
Magic:  12/12      EV: 12    Int: 10    God:    Vehumet [***...]
Gold:   95         SH:  0    Dex: 13    Spells: 1/2 levels left

rFire   . . .      SeeInvis .    a - +0 hand axe
rCold   . . .      Faith    .    (no shield)
rNeg    . . .      Spirit   .    b - +0 robe
rPois   .          Reflect  .    (no helmet)
rElec   .          Harm     .    (no cloak)
rCorr   .          Rampage  .    q - +0 pair of gloves
Will    .....                    (no boots)
Stlth   ++                       (no amulet)
HPRegen 0.25/turn                m - ring of magical power
MPRegen 0.13/turn                (no ring)

@: no status effects
A: no striking features
a: Renounce Religion


You were on level 2 of the Dungeon.
You worshipped Vehumet.
Vehumet was most pleased with you.
You visited 1 branch of the dungeon, and saw 3 of its levels.

You collected 95 gold pieces.

Inventory:

Hand Weapons
 a - a +0 hand axe (weapon)
Armour
 b - a +0 robe (worn)
 q - a +0 pair of gloves (worn)
Jewellery
 m - a ring of magical power (left hand)
Scrolls
 c - a scroll of enchant armour {unknown}
 e - 2 scrolls of teleportation {unknown}
 g - a scroll of butterflies {unknown}
 h - a scroll of brand weapon {unknown}
 i - 4 scrolls of identify {unknown}
 j - a scroll of silence {unknown}
 k - a scroll of acquirement {unknown}
 p - a scroll of magic mapping {unknown}
 r - a scroll of torment {unknown}
 u - a scroll of fear {unknown}
Potions
 d - a potion of mutation {unknown}
 f - a potion of heal wounds {unknown}
 l - 3 potions of attraction {unknown}
 n - a potion of might {unknown}
 o - a potion of berserk rage {unknown}
 s - 2 potions of degeneration {unknown}
 t - a potion of curing {unknown}


   Skills:
 - Level 4.5 Fighting
 - Level 4.0 Axes
 - Level 2.1 Armour
 - Level 2.4 Dodging
 - Level 1.5 Stealth
 + Level 0.4 Spellcasting
 * Level 0.9 Conjurations


You had one spell level left.
You knew the following spells:

 Your Spells              Type           Power      Damage    Failure   Level
a - Magic Dart            Conj           8%         1d3       7%          1

Your spell library contained the following spells:

 Spells                   Type           Power      Damage    Failure   Level
 Stone Arrow              Conj/Erth      2%         3d7       22%         3
 Shock                    Conj/Air       4%         1d3       9%          1
 Freeze                   Ice            0%         1d3       11%         1
 Necrotise                Necr           0%         1d4       36%         1
 Slow                     Hex            0%         N/A       36%         1
 Searing Ray              Conj           4%         2d4       11%         2
 Hailstorm                Conj/Ice       1%         3d3       22%         3
 Frozen Ramparts          Ice            0%         1d1       28%         3
 Fulminant Prism          Conj/Hex       0%         3d5       56%         4


Dungeon Overview and Level Annotations

Branches:
Dungeon (3/15)

Altars:
Vehumet


Message History

Done exploring.
(D) Dungeon
Where to? (Enter - D:1 @ (x,y), ? - help)
There is a stone staircase leading down here.
You climb downwards.
There is a stone staircase leading up here.
There are monsters nearby!
There are monsters nearby!
Okay, then.
The helpless gnoll fails to defend itself.
You hit the gnoll.
The gnoll is lightly wounded.
The gnoll shouts!
You hear a shout!
The gnoll misses you.
A gnoll comes into view. It is wielding a +0 whip.
You climb upwards.
There is a stone staircase leading down here.
You hit the gnoll.
The gnoll is moderately wounded.
The gnoll barely misses you.
You closely miss the gnoll.
The gnoll is moderately wounded.
The gnoll misses you.
You hit the gnoll.
The gnoll is severely wounded.
The gnoll hits you with a +0 flail.
You barely miss the gnoll.
The gnoll is severely wounded.
The gnoll hits you with a +0 flail!
You hit the gnoll.
The gnoll is severely wounded.
The gnoll hits you with a +0 flail.
You closely miss the gnoll.
The gnoll is severely wounded.
The gnoll hits you with a +0 flail.
* * * LOW HITPOINT WARNING * * *
You closely miss the gnoll.
The gnoll is severely wounded.
The gnoll hits you with a +0 flail!
You die...

.##......................# #
.##...............#>###### #
.#....................#
.#.#.....<.........#<###
P#............#...##...###### #
.#.........#..#...##.#......## ##
##....................#......###.
...........#....g...#......#..##.
##..............@..###.........#.
##..................##.........##
....#...............##.........##
###..[..#.###..................#.
..#.##..#.# #..........#......###
<.#..#########.......#.#......# .
..#.##P...P.P#.......#........#.P
_.#..# ..... #.......##.......#P.
..#..#########.......##.......#..


You could see a gnoll.

Vanquished Creatures
  An adder (D:2)
  A worm (D:2)
  A dart slug (D:1)
  A ball python (D:2)
  4 endoplasms
  A giant cockroach (D:1)
  7 goblins (D:1)
  A hobgoblin (D:1)
  4 jackals (D:1)
  2 quokkas
  6 bats
  3 frilled lizards
  8 rats
40 creatures vanquished.

Notes
Turn   | Place    | Note
-------+----------+-------------------------------------------
     0 | D:1      | NinjaNoafa the Hill Orc Monk began the quest for the Orb.
     0 | D:1      | Reached XP level 1. HP: 19/19 MP: 1/1
   212 | D:1      | Reached skill level 1 in Armour
   222 | D:1      | Reached XP level 2. HP: 27/27 MP: 2/2
   574 | D:1      | Reached XP level 3. HP: 34/34 MP: 3/3
   878 | D:1      | Got Dairred's Beginning Course on Casting
  1157 | D:2      | Found a faded altar of an unknown god.
  1160 | D:2      | Prayed at the altar of an unknown god.
  1160 | D:2      | Became a worshipper of Vehumet
  1160 | D:2      | Reached * piety under Vehumet
  1160 | D:2      | Offered knowledge of Magic Dart by Vehumet.
  1160 | D:2      | Reached ** piety under Vehumet
  1167 | D:1      | Learned a level 1 spell: Magic Dart
  1244 | D:2      | Offered knowledge of Poisonous Vapours by Vehumet.
  1430 | D:2      | Offered knowledge of Stone Arrow by Vehumet.
  1473 | D:2      | Reached *** piety under Vehumet
  1947 | D:2      | Slain by a gnoll

Illustrated notes

Levels and vault maps discovered:
D:1:      reono_arrival_forest_river, layout_basic
D:2:      layout_rooms, nicolae_ecumenical_oubliette, serial_aquarium,
          aquarium_bridge_long_separate [aquarium_subvault_bridge,
          aquarium_subvault_window, aquarium_subvault_window,
          aquarium_subvault_bridge, aquarium_subvault_window,
          aquarium_subvault_wall], aquarium_window_1, aquarium_window_1,
          aquarium_window_corridor_3, aquarium_view_4, aquarium_pool_side,
          hangedman_decor_growths, chequers_mini_garden
D:3:      layout_loops_cross, roderic_malta_cross, amethyst_killhole,
          grunt_decor_arrowhead, serial_park_tiny_1, uniq_jessica, uniq_ijyb

Skill      XL: |  1  2  3 |
---------------+----------+-----
Armour         | 1 2 |  2.1
Fighting       | 4 |  4.5
Axes           | |  4.0
Dodging        | |  2.4
Stealth        | |  1.5
Spellcasting   | |  0.4
Conjurations   | |  0.9

Action                   || total
-------------------------++-------
Melee: Hand axe          ||   135
 Cast: Magic Dart        ||    13
  Use: Potion            ||     1
 Stab: Sleeping          ||     3
Armor: Robe              ||    49
Dodge: Dodged            ||   109

Table legend: (Time is in decaauts)
 A = Elapsed time spent in this place.
 B = Non-inter-level travel time spent in this place.
 C = Inter-level travel time spent in this place.
 D = Time resting spent in this place.
 E = Time spent auto-exploring this place.
 F = Levels seen in this place.
 G = Mean time per level.
                   A        B        C        D        E       F      G
               +--------+--------+--------+--------+--------+-----+--------+
         Total |   1965 |   1861 |    104 |      0 |   1443 |   3 |  655.0 |
       Dungeon |   1965 |   1861 |    104 |      0 |   1443 |   3 |  655.0 |
               +--------+--------+--------+--------+--------+-----+--------+

Top non-repeatable levels by time:
     D:1: 1223 daAuts
     D:2: 739 daAuts
     D:3: 2 daAuts
